 Dungeon Crawl Stone Soup version 0.29-a0-356-g7bc237e783 (webtiles) character file.

Game seed: 11278544595721411842

2200 Shayle the Conjurer (level 9, -6/56 HPs)
             Began as a Tengu Brigand on Apr 25, 2022.
             Mangled by a spriggan
             ... wielding a +0 spear
              (8 damage)
             ... in a bailey.
             The game lasted 00:19:31 (7255 turns).

Shayle the Conjurer (Tengu Brigand)                 Turns: 7255, Time: 00:19:32

Health: -6/56      AC: 16    Str: 11    XL:     9   Next: 34%
Magic:  18/18      EV:  5    Int: 17    God:
Gold:   289        SH:  3    Dex: 15    Spells: 16/19 levels left

rFire   . . .      SeeInvis .   e - +4 trident (venom)
rCold   + . .      Faith    .   m - +0 buckler
rNeg    . . .      Spirit   .   B - +2 chain mail {rC+}
rPois   .          Reflect  .   q - +2 hat
rElec   .          Harm     .   c - +0 cloak
rCorr   .          Rampage  .   p - +2 pair of gloves
Will    .....                   (boots unavailable)
Stlth   ..........              o - amulet of the acrobat
HPRegen 0.18/turn               (no ring)
MPRegen 0.16/turn               (no ring)

@: mighty, on berserk cooldown, flying quickly and evasively, slowed, very slow
A: beak, talons 3, nimble flight
a: no special abilities


You were in a bailey.
You visited 1 branch of the dungeon, and saw 7 of its levels.
You also visited: Sewer and Bailey.

You collected 289 gold pieces.

Inventory:

Hand Weapons
 e - a +4 trident of venom (weapon)
 A - a +1 dire flail of draining
 C - a +2 dagger of electrocution
Missiles
 d - 16 poisoned darts (quivered)
 H - 5 atropa-tipped darts
Armour
 b - a +0 robe
 c - a +0 cloak (worn)
 m - a +0 buckler (worn)
 p - a +2 pair of gloves (worn)
 q - a +2 hat (worn)
 B - a +2 chain mail of cold resistance (worn)
Magical Staves
 t - a staff of death
Jewellery
 o - an amulet of the acrobat (around neck)
 r - an amulet of guardian spirit
 J - a ring of ice
Scrolls
 a - a scroll of summoning {unknown}
 f - 3 scrolls of magic mapping
 l - a scroll of amnesia
 s - 2 scrolls of teleportation
 y - a scroll of noise
 D - a scroll of fear {unknown}
 E - a scroll of enchant weapon
 G - a scroll of brand weapon {unknown}
 I - a scroll of blinking
 K - a scroll of enchant armour
Potions
 g - a potion of curing
 h - 2 potions of berserk rage
 i - 2 potions of degeneration {unknown}
 j - 3 potions of haste
 k - 4 potions of might
 n - a potion of attraction {unknown}
 u - 2 potions of lignification {unknown}
 w - a potion of heal wounds {unknown}
 x - 2 potions of flight {unknown}
 z - 5 potions of mutation
 F - 3 potions of brilliance {unknown}


   Skills:
 + Level 6.7 Fighting
 - Level 2.1 Short Blades
 - Level 2.0 Throwing
 - Level 1.1 Dodging
 - Level 4.0 Stealth
 + Level 5.8 Spellcasting
 + Level 7.1 Conjurations
 + Level 4.0 Earth Magic


You had 16 spell levels left.
You knew the following spells:

 Your Spells              Type           Power      Damage    Failure   Level
a - Stone Arrow           Conj/Erth      48%        3d10      98%         3

Your spell library contained the following spells:

 Spells                   Type           Power      Damage    Failure   Level
 Summon Small Mammal      Summ           16%        N/A       100%        1
 Blink                    Tloc           8%         N/A       100%        2
 Call Canine Familiar     Summ           4%         N/A       100%        3
 Lesser Beckoning         Tloc           4%         N/A       100%        3
 Summon Guardian Golem    Hex/Summ       4%         N/A       100%        3
 Animate Armour           Summ/Erth      22%        N/A       100%        4
 Manifold Assault         Tloc           4%         N/A       100%        5
 Lehudib's Crystal Spear  Conj/Erth      12%        10d4      100%        8


Dungeon Overview and Level Annotations

Branches:
Dungeon (7/15)              Sewer (visited)          Bailey (1/1)
 Temple: D:4-7

Altars:
Uskayaw

Shops:
D:3 (

Annotations:
D:6 Dowan, Duvessa


Innate Abilities, Weirdness & Mutations

You have a beak for a mouth.
You have claws for feet.
Your magical nature lets you fly swiftly and evasively.


Message History

Things that are here:
a +0 trident; a +0 glaive; a spriggan corpse You feel a strong urge to attack something.
You are no longer berserk.
You are exhausted.
You feel yourself slow down.
Things that are here:
a +0 spear; a spriggan corpse You start resting.
A spriggan comes into view. It is wielding a +0 spear.
Throw: 18 darts (poison)
Press: ? - help, Q - select action, (/) - cycle Shift-Dir - straight line, f - spriggan
Aim: a spriggan, wielding a +0 spear (wandering, hasn't noticed you, 36% to hit)
You throw a poisoned dart.
The poisoned dart barely misses the spriggan.
The spriggan shouts!
Throw: 17 darts (poison)
Press: ? - help, Q - select action, (/) - cycle Shift-Dir - straight line, f/p - spriggan
Aim: a spriggan, wielding a +0 spear (36% to hit)
You throw a poisoned dart. The poisoned dart hits the spriggan.
The spriggan is poisoned.
The spriggan hits you from afar with a +0 spear. x2
* * * LOW HITPOINT WARNING * * *
The spriggan hits you but does no damage.
You barely miss the spriggan. Your kick misses the spriggan.
Your peck misses the spriggan.
The spriggan hits you but does no damage.
The spriggan hits you with a +0 spear!
* * * LOW HITPOINT WARNING * * *
You miss the spriggan. You peck the spriggan.
The spriggan is moderately wounded.
The spriggan looks more healthy.
The spriggan hits you but does no damage.
The spriggan hits you with a +0 spear!
* * * LOW HITPOINT WARNING * * *
Unknown command.
It was a potion of might.
You feel very mighty all of a sudden. The spriggan hits you with a +0 spear!
You die...

## ..# ...#
### #..#
##.## #..#
##.@.## ♣.)#
#)i...#
#..###(....##
#..≈)((.∩...#
#..≈(≈......#
#..(≈≈......#
#..≈≈≈......#
♣..≈≈≈..∩...#
♣..###.....##


You could see a spriggan.

Vanquished Creatures
  2 spriggans (Bailey)
  Edmund (D:4)
  Pargi (Sewer)
  An ice beast (D:5)
  A centaur (D:7)
  4 ogres
  A phantom (D:5)
  2 bullfrogs
  A gnoll sergeant (D:5)
  2 scorpions
  2 wights (D:5)
  A howler monkey (D:5)
  A jelly (D:5)
  A gnoll shaman (D:6)
  2 orc priests
  3 hounds
  Natasha (thrice) (D:4)
  Terence (D:3)
  3 iguanas
  2 orc wizards
  A mummy (D:4)
  10 gnolls
  3 adders
  A shadow imp (D:5)
  A white imp (D:7)
  An ufetubus (D:5)
  A worm (D:2)
  7 orcs
  4 endoplasms
  7 giant cockroaches
  7 goblins
  6 hobgoblins
  2 jackals (D:2)
  2 quokkas
  8 ball pythons
  4 bats
  5 frilled lizards
  2 hobgoblin zombies (D:4)
  4 kobolds
  A kobold zombie (D:4)
  An orc zombie (D:4)
  6 rats
119 creatures vanquished.

Notes
Turn   | Place    | Note
-------+----------+-------------------------------------------
     0 | D:1      | Shayle the Tengu Brigand began the quest for the Orb.
     0 | D:1      | Reached XP level 1. HP: 12/12 MP: 2/2
   222 | D:1      | Found a faded altar of an unknown god.
   460 | D:1      | Reached XP level 2. HP: 18/18 MP: 4/4
   479 | D:1      | Reached skill level 1 in Spellcasting
  1028 | D:2      | Reached XP level 3. HP: 22/22 MP: 6/6
  1145 | D:2      | Found a hide-covered altar of Uskayaw.
  1814 | D:3      | Noticed Terence
  1904 | D:3      | Killed Terence
  1905 | D:3      | Reached XP level 4. HP: 23/28 MP: 6/8
  1943 | D:3      | Found Ciqiot's Weapon Emporium.
  2238 | D:3      | Identified the +5 robe "Wedine" {Fly}
  2829 | D:4      | Noticed Natasha
  2838 | D:4      | Killed Natasha
  2839 | D:4      | Gained mutation: Your magical nature lets you fly swiftly
                  | and evasively. [Tengu growth]
  2839 | D:4      | Reached XP level 5. HP: 20/33 MP: 8/10
  2957 | D:4      | Learned a level 3 spell: Stone Arrow
  3050 | D:4      | Noticed Edmund
  3096 | D:4      | Killed Edmund
  3097 | D:4      | Reached skill level 1 in Conjurations
  3097 | D:4      | Reached skill level 1 in Earth Magic
  3097 | D:4      | Reached XP level 6. HP: 38/38 MP: 11/11
  3260 | D:4      | Reached skill level 2 in Conjurations
  3638 | D:4      | Noticed Natasha
  3665 | D:4      | Killed Natasha
  3895 | D:4      | Noticed Natasha
  3901 | D:4      | Killed Natasha
  4146 | D:5      | Entered Level 5 of the Dungeon
  4170 | D:5      | Found a glowing drain.
  4193 | Sewer    | Entered a sewer
  4212 | Sewer    | Noticed Pargi
  4222 | Sewer    | Killed Pargi
  4223 | Sewer    | Reached skill level 3 in Conjurations
  4223 | Sewer    | Reached XP level 7. HP: 22/44 MP: 13/13
  5140 | D:5      | Reached skill level 4 in Conjurations
  5149 | D:4      | Reached skill level 5 in Fighting
  5407 | D:5      | Reached XP level 8. HP: 36/49 MP: 15/15
  5911 | D:5      | Reached skill level 5 in Conjurations
  6534 | D:6      | Noticed Duvessa
  6534 | D:6      | Noticed Dowan
  6656 | D:5      | Reached skill level 5 in Spellcasting
  6943 | D:7      | Reached skill level 6 in Conjurations
  7093 | D:7      | Found a flagged portal.
  7098 | Bailey   | Entered a bailey
  7178 | Bailey   | Reached XP level 9. HP: 39/56 MP: 16/18
  7235 | Bailey   | Reached skill level 7 in Conjurations
  7254 | Bailey   | HP: 2/56 [spriggan/+0 spear (7)]
  7255 | Bailey   | Mangled by a spriggan

Illustrated notes

Levels and vault maps discovered:
D:1:      dpeg_arrival_long_road, layout_basic,
          hellmonk_ecumenical_altar_inner_sanctum, kennysheep_minor_cross,
          minivault_26, kennysheep_doodads, chequers_serial_rivers_room_b
D:2:      layout_rooms, basic_altar, chequers_big_river, minmay_circle_x
D:3:      layout_basic, serial_shops, nicolae_square_shop,
          hangedman_abyss_or_decor_stabs, dreamdust_mushroom_princess,
          uniq_terence
D:4:      layout_basic, minmay_mini_ossuary, uniq_edmund, uniq_natasha
D:5:      layout_basic, portal_sewer_entry_f, chequers_serial_rivers_micro_a
D:6:      layout_loops_cross, gammafunk_ghost_hive, uniq_duvessa
D:7:      layout_layer_cave, nicolae_ru_awakened_eye,
          minmay_temple_entry_glassed_door, enter_bailey_3,
          kennysheep_crisscross, nzn_random_ring
Bailey:   bailey_polearm_enchanted_keep_hellmonk, bailey

Skill      XL: |  1  2  3  4  5  6  7  8  9 |
---------------+----------------------------+-----
Spellcasting   | 1 2 3 4 5 |  5.8
Fighting       | 3 4 5 6 |  6.7
Conjurations   | 1 3 4 6 7 |  7.1
Earth Magic    | 1 2 3 4 |  4.0
Short Blades   | |  2.1
Throwing       | |  2.0
Dodging        | |  1.1
Stealth        | |  4.0

Action                   |  1- 3 |  4- 6 |  7- 9 || total
-------------------------+-------+-------+-------++-------
Melee: Dagger            |    66 |     7 |       ||    73
       Kick              |    15 |    21 |    40 ||    76
       Peck              |     6 |    10 |    22 ||    38
       Trident           |       |    76 |   152 ||   228
Throw: Dart              |    12 |    12 |    10 ||    34
       Throwing net      |     1 |       |       ||     1
  Use: Scroll            |       |    14 |       ||    14
       Potion            |       |     3 |     4 ||     7
 Stab: Sleeping          |    14 |     4 |       ||    18
Armor: Robe              |     4 |     2 |       ||     6
       Chain mail        |       |    46 |   112 ||   158
Dodge: Dodged            |    29 |    33 |    58 ||   120
Block: Buckler           |     5 |    15 |    23 ||    43

Table legend: (Time is in decaauts)
 A = Elapsed time spent in this place.
 B = Non-inter-level travel time spent in this place.
 C = Inter-level travel time spent in this place.
 D = Time resting spent in this place.
 E = Time spent auto-exploring this place.
 F = Levels seen in this place.
 G = Mean time per level.
                   A        B        C        D        E       F      G
               +--------+--------+--------+--------+--------+-----+--------+
         Total |   7159 |   6820 |    339 |   1968 |   3220 |   9 |  795.4 |
       Dungeon |   6720 |   6381 |    339 |   1727 |   3217 |   7 |  960.0 |
         Sewer |    272 |    272 |      0 |    148 |      3 |   1 |  272.0 |
        Bailey |    166 |    166 |      0 |     93 |      0 |   1 |  166.0 |
               +--------+--------+--------+--------+--------+-----+--------+

Top non-repeatable levels by time:
     D:4: 2011 daAuts
     D:5: 1738 daAuts
     D:2: 892 daAuts
     D:1: 883 daAuts
     D:3: 597 daAuts
     D:6: 352 daAuts
   Sewer: 272 daAuts
     D:7: 244 daAuts
  Bailey: 166 daAuts
